 Dungeon Crawl Stone Soup version 0.32-a0-172-gc5dd13f2a7 (webtiles) character file.

Game seed: 18283092437845537335

396 Bravepunisher the Fiendish (level 6, -2/32 HPs)
             Began as a Spriggan Monk on Feb 12, 2024.
             Was a Priest of Makhleb.
             Killed by divine providence
             ... invoked by an orc priest
              (12 damage)
             ... on level 4 of the Dungeon.
             The game lasted 00:11:45 (3459 turns).

Bravepunisher the Fiendish (Spriggan Monk)          Turns: 3459, Time: 00:11:46

Health: -2/32      AC:  2    Str:  7    XL:     6   Next: 52%
Magic:  11/11      EV: 19    Int: 11    God:    Makhleb [***...]
Gold:   204        SH:  0    Dex: 20    Spells: 5/5 levels left

rFire   . . .        a - +0 short sword
rCold   . . .        (no shield)
rNeg    . . .        b - +0 robe
rPois   .            (helmet restricted)
rElec   .            (no cloak)
rCorr   .            (gloves unavailable)
SInv    +            (boots unavailable)
Will    +....        (no amulet)
Stlth   +            (no ring)
HPRegen 0.25/turn    (no ring)
MPRegen 0.12/turn

%: no passive effects
@: slow
A: very small, no large weapons, unfitting armour, see invisible, speed 3
a: Renounce Religion, Minor Destruction, Lesser Servant of Makhleb


You were on level 4 of the Dungeon.
You worshipped Makhleb.
Makhleb was most pleased with you.
You visited 2 branches of the dungeon, and saw 8 of its levels.

You collected 204 gold pieces.

Inventory:

Hand Weapons
 a - a +0 short sword (weapon)
Armour
 b - a +0 robe (worn)
Wands
 o - a wand of roots (11)
Scrolls
 d - 5 scrolls of identify {unknown}
 f - a scroll of fear {unknown}
 g - 5 scrolls of teleportation {unknown}
 h - a scroll of enchant armour {unknown}
 l - a scroll of noise {unknown}
 m - a scroll of immolation {unknown}
 n - a scroll of torment {unknown}
 p - 2 scrolls of blinking {unknown}
 q - a scroll of revelation {unknown}
Potions
 c - a potion of ambrosia
 e - 2 potions of enlightenment {unknown}
 i - 2 potions of curing {unknown}
 j - a potion of berserk rage {unknown}
 k - 2 potions of degeneration {unknown}


   Skills:
 - Level 2.5 Fighting
 - Level 3.2 Short Blades
 - Level 4.5 Dodging
 * Level 6.3 Invocations


You had 5 spell levels left.
You didn't know any spells.
Your spell library contained the following spells:

 Spells                   Type           Power      Damage    Failure   Level
 Conjure Ball Lightning   Conj/Air       0%         3x3d6     100%        6
 Discord                  Hex            0%         N/A       100%        8
 Disjunction              Tloc           0%         N/A       100%        8


Dungeon Overview and Level Annotations

Branches:
Dungeon (7/15)             Temple (1/1) D:7

Altars:
Ashenzari
Cheibriados
Dithmenos
Elyvilon
Fedhas
Gozag
Makhleb
Nemelex Xobeh
Okawaru
Qazlal
Ru
Sif Muna
Trog
Uskayaw
Wu Jian
Xom
The Shining One

Shops:
D:1 ::(:!   D:4 :   D:6 [

Portals:
Abyss: D:3

Annotations:
D:3 2 transporters, Rudyous's ghost, weakling DsAE
D:5 3 runed translucent doors, justen's ghost, amateur OpBr


Innate Abilities, Weirdness & Mutations

You are very small and have problems with some larger weapons.
You are too small for most types of armour.
You have supernaturally acute eyesight. (SInv)
You cover ground extremely quickly. (Speed+++)


Message History

You enter the shallow water.
Moving in this stuff is going to be slow.
You open the door.
An orc priest and 2 orcs come into view.
The orc priest shouts!
The orc shouts!
You hear a shout!
The orc curses noisily.
An orc comes into view. It is wielding a +0 short sword.
Aiming: Minor Destruction (1% risk of failure)
Press: ? - help, Shift-Dir - straight line, f - orc priest
Aim: an orc priest, wielding a +0 flail The glob of acid hits the orc!
The acid corrodes the orc!
You kill the orc!
Makhleb accepts your kill.
The orc shouts!
You hear a shout!
The orc priest calls down the wrath of Beogh upon you.
Beogh smites you!
Unknown command.
Aiming: Minor Destruction (1% risk of failure)
Press: ? - help, Shift-Dir - straight line, f/p - orc priest
Aim: an orc priest, wielding a +0 flail The glob of acid hits the orc priest!
The orc priest is almost dead.
Aiming: Minor Destruction (1% risk of failure)
Press: ? - help, Shift-Dir - straight line, f/p - orc priest
Aim: an orc priest, wielding a +0 flail (almost dead)
The puff of flame misses the orc priest.
The orc priest mumbles some strange prayers to Beogh against you.
Beogh smites you!
* * * LOW HITPOINT WARNING * * *
Aiming: Minor Destruction (1% risk of failure)
Press: ? - help, Shift-Dir - straight line, f/p - orc priest
Aim: an orc priest, wielding a +0 flail (almost dead)
The zap hits the orc priest.
You kill the orc priest!
Makhleb accepts your kill.
You feel better.
An orc priest comes into view. It is wielding a +0 war axe.
The orc priest mumbles some strange prayers to Beogh against you.
Beogh smites you!
You die...

#..# #....# .
#..####)#######
.o
#........).....
...
#..####.#######
.... ######.#
#.# .....
#≈≈~≈#.# #.#
#.#...#≈~≈~#.#
#<#
#....o'o≈~≈'.#
#.#
###.###≈@≈~###
#.# #≈≈~≈# #.#
###### #.# #.#
#.# ...


You could see an orc priest and 2 orcs.

Vanquished Creatures
  2 scorpions (D:4)
  2 orc priests
  2 orc wizards (D:3)
  4 gnolls (D:4)
  5 adders
  3 dart slugs
  7 orcs
  4 bats
  7 endoplasms
  5 giant cockroaches
  4 hobgoblins
  A quokka (D:1)
  9 ball pythons
  4 frilled lizards
  8 goblins
  11 kobolds
  5 rats
83 creatures vanquished.

Notes
Turn   | Place    | Note
-------+----------+-------------------------------------------
     0 | D:1      | Bravepunisher the Spriggan Monk began the quest for the
                  | Orb.
     0 | D:1      | Reached XP level 1. HP: 11/11 MP: 2/2
   194 | D:3      | Noticed an orc priest
   313 | D:4      | Noticed a scorpion
   323 | D:5      | Entered Level 5 of the Dungeon
   328 | D:5      | Found a runed translucent gate.
   328 | D:5      | Found a runed translucent gate.
   328 | D:5      | Found a runed translucent gate.
   329 | D:5      | Found an opulent altar of Gozag.
   330 | D:5      | Noticed justen's ghost (amateur OpBr)
   330 | D:5      | Noticed a hound
   331 | D:5      | Noticed a shadow
   398 | D:6      | Noticed an iguana
   410 | D:6      | Found Diadump's Armour Shoppe.
   467 | D:6      | Noticed a sky beast
   467 | D:6      | Noticed a bullfrog
   516 | D:5      | You fall into a shaft and drop 2 floors!
   517 | D:7      | Noticed an iguana
   517 | D:7      | Noticed a wight
   519 | D:7      | Noticed a wight
   519 | D:7      | Noticed a wight
   550 | D:7      | Noticed a kobold brigand
   577 | D:7      | Noticed an ogre
   601 | D:7      | Found a staircase to the Ecumenical Temple.
   610 | Temple   | Entered the Ecumenical Temple
   647 | Temple   | Became a worshipper of Makhleb the Destroyer
   647 | Temple   | Reached * piety under Makhleb
   647 | Temple   | Reached ** piety under Makhleb
   699 | D:7      | Noticed a jelly
   700 | D:6      | Noticed a sleepcap
   740 | D:5      | Noticed an iguana
   774 | D:4      | Reached XP level 2. HP: 15/16 MP: 3/3
   865 | D:4      | Found Picwatox's Self-Improvement Boutique.
   942 | D:2      | Reached skill level 1 in Invocations
  1018 | D:2      | Reached XP level 3. HP: 18/19 MP: 5/5
  1037 | D:2      | Reached skill level 2 in Invocations
  1091 | D:1      | Found Turouneu's Book Boutique.
  1139 | D:1      | Found Genuostri's Book Shoppe.
  1170 | D:1      | Found Pocepnum's Weapon Boutique.
  1202 | D:1      | Found Feire's Book Boutique.
  1677 | D:1      | Found Fainnow's Distillery.
  1882 | D:2      | Reached skill level 3 in Invocations
  1885 | D:2      | Reached XP level 4. HP: 18/23 MP: 7/7
  2000 | D:2      | Reached *** piety under Makhleb
  2357 | D:3      | Reached skill level 4 in Invocations
  2361 | D:3      | Reached XP level 5. HP: 15/27 MP: 7/9
  2519 | D:3      | Found a transporter.
  2542 | D:3      | Found a bloodstained altar of Trog.
  2597 | D:3      | Reached skill level 5 in Invocations
  2711 | D:3      | Found a white marble altar of Elyvilon.
  2843 | D:3      | Found a transporter.
  2846 | D:3      | Noticed Rudyous's ghost (weakling DsAE)
  2847 | D:3      | Found a one-way gate to the infinite horrors of the Abyss.
  3018 | D:4      | Reached XP level 6. HP: 18/32 MP: 9/11
  3360 | D:4      | Reached skill level 6 in Invocations
  3459 | D:4      | Killed from afar by an orc priest

Illustrated notes

Levels and vault maps discovered:
D:1:      dpeg_arrival_arbitrary_a, layout_loops_cross, serial_shops,
          nicolae_shop_peninsula, shop, shop, shop_statue,
          nicolae_shop_hallway_plus
D:2:      layout_rooms, small_statue_intersection
D:3:      layout_loops_ring, marbit_many_paths, mainiacjoe_overflow_chevrons,
          gammafunk_ghost_abyssal_escape
D:4:      layout_basic, serial_rivers, chequers_serial_rivers_room_b,
          chequers_serial_rivers_large_a, chequers_serial_rivers_room_b,
          chequers_serial_rivers_room_b, chequers_serial_rivers_micro_a,
          chequers_serial_rivers_micro_c, nicolae_shop_self_help
D:5:      layout_loops_ring, worldfamousw_hep_ancestral_shrine,
          ebering_ghost_gozag
D:6:      layout_gridville, vehumet_crystals, serial_shops,
          nicolae_stop_n_shop_2, uniq_prince_ribbit1
D:7:      layout_cave_pools, minmay_temple_entry_antechambers,
          chequers_serial_rivers_small_3, nicolae_titane
Temple:   bh_familiar_temple

Skill      XL: |  1  2  3  4  5  6 |
---------------+-------------------+-----
Invocations    | 1 3 4 5 6 |  6.3
Fighting       | |  2.5
Short Blades   | |  3.2
Dodging        | |  4.5

Action                     |  1- 3 |  4- 6 || total
---------------------------+-------+-------++-------
  Melee: Short sword       |    49 |     1 ||    50
 Invoke: Minor Destruction |    69 |    99 ||   168
 Armour: Robe              |    10 |    14 ||    24
  Dodge: Dodged            |    49 |    21 ||    70

Table legend: (Time is in decaauts)
 A = Elapsed time spent in this place.
 B = Non-inter-level travel time spent in this place.
 C = Inter-level travel time spent in this place.
 D = Time resting spent in this place.
 E = Time spent auto-exploring this place.
 F = Levels seen in this place.
 G = Mean time per level.
                   A        B        C        D        E       F      G
               +--------+--------+--------+--------+--------+-----+--------+
         Total |   2470 |   2376 |     94 |      0 |   1686 |   8 |  308.8 |
       Dungeon |   2425 |   2374 |     51 |      0 |   1686 |   7 |  346.4 |
        Temple |     45 |      2 |     43 |      0 |      0 |   1 |   45.0 |
               +--------+--------+--------+--------+--------+-----+--------+

Top non-repeatable levels by time:
     D:3: 664 daAuts
     D:1: 606 daAuts
     D:4: 563 daAuts
     D:2: 355 daAuts
     D:5: 109 daAuts
     D:7: 70 daAuts
     D:6: 55 daAuts
  Temple: 45 daAuts
